 Dungeon Crawl Stone Soup version 0.32-a0-841-g4648e6c457 (webtiles) character file.

Game seed: 7210480670298282102

284 javelincjr the Trooper (level 6, -1/136 HPs)
             Began as a Troll Hunter on Mar 26, 2024.
             Killed from afar by smashvw's ghost (8 damage)
             ... with a zap
             ... on level 3 of the Dungeon.
             The game lasted 00:09:24 (3394 turns).

javelincjr the Trooper (Troll Hunter)               Turns: 3394, Time: 00:09:25

Health: -1/136     AC: 23    Str: 22    XL:     6   Next: 7%
Magic:  5/5        EV:  1    Int:  5    God:
Gold:   189        SH:  0    Dex: 13    Spells: 5/5 levels left

rFire   . . .        a - +0 shortbow
rCold   . . .        (shield currently unavailable)
rNeg    . . .        c - melded +0 robe
rPois   +            (helmet currently unavailable)
rElec   .            f - melded +0 cloak
rCorr   .            (gloves unavailable)
SInv    .            (boots unavailable)
Will    .....        (no amulet) Stlth
                     (no ring)
HPRegen 1.22/turn    (no ring)
MPRegen 0.09/turn

%: no passive effects
@: berserking, lethally poisoned (-1 -> -2), tree-form, very quick
A: stationary, stasis, torment immunity, boosted hp, large, unfitting armour,
(claws 3), regeneration 1, (shaggy fur 1), (tough skin 1)
a: no special abilities


You were on level 3 of the Dungeon.
You were a tree.
You visited 1 branch of the dungeon, and saw 4 of its levels.

You collected 189 gold pieces.

Inventory:

Hand Weapons
 a - a +0 shortbow (weapon)
Armour
 c - a +0 robe (melded)
 f - a +0 cloak (melded)
Scrolls
 b - a scroll of butterflies
 d - 2 scrolls of noise
 g - a scroll of enchant armour {unknown}
 j - a scroll of enchant weapon {unknown}
 l - a scroll of amnesia {unknown}
 n - 2 scrolls of revelation {unknown}
 o - a scroll of fear {unknown}
 r - a scroll of acquirement {unknown}
Potions
 i - 2 potions of attraction
 k - a potion of lignification
 p - a potion of might {unknown}
 q - a potion of cancellation


   Skills:
 * Level 3.5 Fighting
 + Level 3.2 Ranged Weapons
 + Level 2.7 Dodging
 + Level 1.5 Stealth


You had 5 spell levels left.
You didn't know any spells.
Your spell library contained the following spells:

 Spells                   Type           Power      Damage    Failure   Level
 Ensorcelled Hibernation  Hex/Ice        0%         N/A       63%         2
 Passwall                 Erth           0%         N/A       85%         3
 Swiftness                Air            0%         N/A       85%         3


Dungeon Overview and Level Annotations

Branches:
Dungeon (4/15)
 Temple: D:4-7

Altars:
Vehumet

Shops:
D:2 [

Annotations:
D:3 smashvw's ghost, amateur DrAE


Innate Abilities, Weirdness & Mutations

You are a tree.
Your roots penetrate the ground, keeping you stationary.
You cannot be teleported.
You are immune to unholy pain and torment.
Your maximum health is greatly increased.
Your equipment is partially melded.
You are too large for most types of armour.
((You have claws for hands.))
Your natural rate of healing is unusually fast.
((You are covered in fur. (AC +1)))
((You have tough skin. (AC +1)))


Message History

The giant cockroach simulacrum bites you but does no damage.
Fire: a) +0 shortbow
Press: ? - help, Q - select action Shift-Dir - straight line, f/p - smashvw's ghost
Aim: smashvw's ghost, wielding a weapon of venom (severely damaged, 55% to hit)
You shoot an arrow.
The arrow hits smashvw's ghost but does no damage.
Smashvw's ghost is severely damaged.
You feel sick.
Smashvw's ghost hits you but does no damage.
You are more poisoned.
The giant cockroach simulacrum bites you but does no damage.
Fire: a) +0 shortbow
Press: ? - help, Q - select action Shift-Dir - straight line, f/p - smashvw's ghost
Aim: smashvw's ghost, wielding a weapon of venom (severely damaged, 55% to hit)
You shoot an arrow. The arrow hits smashvw's ghost.
Smashvw's ghost is severely damaged.
You feel very sick. Smashvw's ghost casts a spell at you. The zap hits you.
* * * LOW HITPOINT WARNING * * *
The giant cockroach simulacrum barely misses you.
As you read the scroll of teleportation, it crumbles to dust.
You feel strangely unstable.
You feel very sick.
Smashvw's ghost gestures at you while chanting.
The zap hits you!
* * * LOW HITPOINT WARNING * * *
The giant cockroach simulacrum bites you but does no damage.
It was a potion of lignification.
You turn into a tree.
Your +0 cloak melds into your body.
Your +0 robe melds into your body.
Your roots penetrate the ground.
You feel strangely stable.
You feel sick. Smashvw's ghost casts a spell at you.
The zap hits you but does no damage.
The giant cockroach simulacrum bites you but does no damage.
It was a potion of berserk rage.
A red film seems to cover your vision as you go berserk!
You feel yourself moving faster!
You feel mighty!
You feel sick. Smashvw's ghost casts a spell at you. The zap hits you!
You die...

..#.##+#.............÷...........
..#.##.#.........>...............
..................#+###..........
......#####..####...###........).
.....##...####..###..##..........
.....#Z...........##.............
....##Z.###..Z.....#.............
....#..# ......#WZ##.............
....#..# ..=...#♣.#..#...........
....#..# .....##..#.##...........
....##..##$[###...#.##......##...
.....#...####....##..#......##...
.....##..........#..........##...
......#.........##...<......##...
...#..##.......##...........#....
.......###'''###.....#......#....
...#.#...............#...........


You could see smashvw's ghost and a giant cockroach simulacrum.

Vanquished Creatures
  An orc priest (D:4)
  A gnoll bouda (D:4)
  An iguana (D:4)
  An orc wizard (D:4)
  A statue (D:3)
  A centaur simulacrum (D:3)
  A scorpion simulacrum (D:3)
  An adder (D:2)
  2 gnolls (D:4)
  2 ribbon worms (D:2)
  2 dart slugs
  3 orcs (D:4)
  4 ball pythons
  7 bats
  12 endoplasms
  A giant cockroach (D:2)
  7 goblins
  9 hobgoblins
  8 kobolds
  5 quokkas
  5 frilled lizards
  2 quokka simulacra (D:3)
  5 rats
82 creatures vanquished.

Notes
Turn   | Place    | Note
-------+----------+-------------------------------------------
     0 | D:1      | javelincjr the Troll Hunter began the quest for the Orb.
     0 | D:1      | Reached XP level 1. HP: 19/19 MP: 0/0
   246 | D:1      | Reached XP level 2. HP: 28/28 MP: 1/1
  1047 | D:2      | Found a faded altar of an unknown god.
  1100 | D:2      | Reached XP level 3. HP: 31/35 MP: 2/2
  1171 | D:2      | Reached skill level 1 in Stealth
  1375 | D:2      | Found Wom Kik's Antique Armour Shoppe.
  1457 | D:2      | Reached XP level 4. HP: 42/44 MP: 3/3
  1872 | D:3      | Found a runed translucent gate.
  1872 | D:3      | Found a runed translucent gate.
  1872 | D:3      | Found a runed translucent gate.
  2163 | D:3      | Found a radiant altar of Vehumet.
  2163 | D:3      | Noticed a frost-covered statue
  2192 | D:3      | Killed a frost-covered statue
  2369 | D:3      | Noticed smashvw's ghost (amateur DrAE)
  2370 | D:3      | Found the +4 robe of Augmentation {Str+4 Int+4 Dex+4}
  2537 | D:4      | Reached XP level 5. HP: 45/52 MP: 4/4
  3281 | D:3      | Reached XP level 6. HP: 17/61 MP: 5/5
  3394 | D:3      | Killed from afar by smashvw's ghost

Illustrated notes

Levels and vault maps discovered:
D:1:      dpeg_arrival_rhombus, layout_basic
D:2:      layout_loops_cross, serial_shops, nicolae_shop_hallway_plus,
          shapermc_ecumenical_altar_mp_highgroup, hangedman_decor_points,
          minmay_joined_circles
D:3:      layout_basic, vehumet_statue, gammafunk_ghost_icy
D:4:      layout_basic, serial_bayou_pond_e

Skill      XL: |  1  2  3  4  5 |
---------------+----------------+-----
Fighting       | 2 3 |  3.5
Dodging        | 2 |  2.7
Stealth        | 1 |  1.5
Ranged Weapons | 3 |  3.2

Action                     |  1- 3 |  4- 6 || total
---------------------------+-------+-------++-------
   Fire: Shortbow          |   149 |   179 ||   328
    Use: Scroll            |       |     7 ||     7
         Potion            |       |     3 ||     3
 Armour: Robe              |    60 |    78 ||   138
         Skin              |       |     3 ||     3
  Dodge: Dodged            |    42 |    50 ||    92

Table legend: (Time is in decaauts)
 A = Elapsed time spent in this place.
 B = Non-inter-level travel time spent in this place.
 C = Inter-level travel time spent in this place.
 D = Time resting spent in this place.
 E = Time spent auto-exploring this place.
 F = Levels seen in this place.
 G = Mean time per level.
                   A        B        C        D        E       F      G
               +--------+--------+--------+--------+--------+-----+--------+
         Total |   3477 |   3413 |     64 |     75 |   2588 |   4 |  869.2 |
       Dungeon |   3477 |   3413 |     64 |     75 |   2588 |   4 |  869.2 |
               +--------+--------+--------+--------+--------+-----+--------+

Top non-repeatable levels by time:
     D:3: 1049 daAuts
     D:1: 950 daAuts
     D:4: 795 daAuts
     D:2: 681 daAuts
